[Event "CZE-ch 2020"]
[Site "Pilsen"]
[Date "2020.08.26"]
[Round "4.35"]
[White "Benes, Miroslav"]
[Black "Smolik, Jachym"]
[Result "1/2-1/2"]
[ECO "E46"]
[WhiteElo "2011"]
[BlackElo "2121"]
[Annotator "ChessBase"]
[PlyCount "60"]
[EventDate "2020.08.23"]
[EventType "swiss"]
[EventCountry "CZE"]
[SourceTitle "playchess.com"]
[Source "ChessBase"]
[SourceQuality "1"]
[TimeControl "40/5400+30:1800+30"]

1. d4 Nf6 2. c4 e6 3. Nc3 Bb4 4. e3 O-O 5. Nge2 Re8 6. a3 Bf8 7. d5 a5 8. Nf4 Na6 9. Bd3 Nc5 10. Bc2 b6 11. O-O e5 12. Nfe2 Nb7 13. Ng3 Nd6 14. b3 g6 15. Bb2 h5 16. h3 h4 17. Nge2 Nh5 18. f4 Bg7 19. Na4 Ba6 20. Nac3 e4 21. a4 Nf5 22. Qd2 Nhg3 23. Nxg3 Nxg3 24. Rf2 d6 25. Ra2 Bc8 26. Nb5 Bf5 27. Bxg7 Kxg7 28. Bd1 Qd7 29. Kh2 f6 30. Qc3 Rf8 1/2-1/2

[Event "CZE-ch 2020"]
[Site "Pilsen"]
[Date "2020.08.26"]
[Round "4.36"]
[White "Laurincova, Kristyna"]
[Black "Joukl, Zdenek"]
[Result "1-0"]
[ECO "B16"]
[WhiteElo "2008"]
[BlackElo "2062"]
[Annotator "ChessBase"]
[PlyCount "113"]
[EventDate "2020.08.23"]
[EventType "swiss"]
[EventCountry "CZE"]
[SourceTitle "playchess.com"]
[Source "ChessBase"]
[SourceQuality "1"]
[TimeControl "40/5400+30:1800+30"]

1. e4 c6 2. d4 d5 3. Nc3 dxe4 4. Nxe4 Nf6 5. Nxf6+ gxf6 6. Nf3 Bf5 7. Bd3 e6 8. Bxf5 Qa5+ 9. c3 Qxf5 10. O-O Rg8 11. Nd2 Bd6 12. Qf3 Qxf3 13. Nxf3 Na6 14. Re1 O-O-O 15. Re4 c5 16. Be3 Kb8 17. Rh4 Rg7 18. Bf4 Bxf4 19. Rxf4 f5 20. Rd1 Nc7 21. Rd2 cxd4 22. Rfxd4 Rxd4 23. Rxd4 Kc8 24. Ne5 f6 25. Nc4 Nb5 26. Nd6+ Nxd6 27. Rxd6 Re7 28. Kf1 Kc7 29. Rd3 Rg7 30. g3 h5 31. Rd4 Rg4 32. Rd3 Rg8 33. h3 b6 34. Rd4 Rd8 35. Rxd8 Kxd8 36. Ke2 Ke7 37. Kd3 Kd6 38. Kc4 a6 39. a4 Kc6 40. b3 Kd6 41. Kb4 Kc6 42. a5 b5 43. c4 bxc4 44. Kxc4 e5 45. b4 e4 46. h4 f4 47. gxf4 f5 48. b5+ axb5+ 49. Kb4 e3 50. fxe3 Kd5 51. Kxb5 Ke4 52. a6 Kxe3 53. a7 Kxf4 54. a8=Q Kg3 55. Qh1 f4 56. Kc4 Kf2 57. Kd3 1-0

[Event "CZE-ch 2020"]
[Site "Pilsen"]
[Date "2020.08.26"]
[Round "4.37"]
[White "Kures, Michael"]
[Black "Janous, Marek"]
[Result "0-1"]
[ECO "B43"]
[WhiteElo "2019"]
[BlackElo "1968"]
[Annotator "ChessBase"]
[PlyCount "58"]
[EventDate "2020.08.23"]
[EventType "swiss"]
[EventCountry "CZE"]
[SourceTitle "playchess.com"]
[Source "ChessBase"]
[SourceQuality "1"]
[TimeControl "40/5400+30:1800+30"]

1. e4 c5 2. Nf3 e6 3. d4 cxd4 4. Nxd4 a6 5. Nc3 Qc7 6. Bg5 b5 7. a3 Bb7 8. Be2 Be7 9. Qd2 h6 10. Bf4 d6 11. Ndxb5 axb5 12. Nxb5 Qb6 13. Bxd6 Na6 14. Bxe7 Kxe7 15. O-O-O Nf6 16. e5 Nd5 17. c4 Nc5 18. Kb1 Ne4 19. Qd4 Nxf2 20. c5 Qa5 21. Qxf2 Bc6 22. Nd4 Nc3+ 23. Ka1 Bd5 24. Rc1 Rhb8 25. Nc2 Qa4 26. Rhf1 Rf8 27. c6 Qb3 28. Qc5+ Ke8 29. Nb4 Rxa3+ 0-1

[Event "CZE-ch 2020"]
[Site "Pilsen"]
[Date "2020.08.27"]
[Round "5.2"]
[White "Polak, Tomas"]
[Black "Laznicka, Viktor"]
[Result "0-1"]
[ECO "A81"]
[WhiteElo "2563"]
[BlackElo "2638"]
[Annotator "ChessBase"]
[PlyCount "120"]
[EventDate "2020.08.23"]
[EventType "swiss"]
[EventCountry "CZE"]
[SourceTitle "playchess.com"]
[Source "ChessBase"]
[SourceQuality "1"]
[TimeControl "40/5400+30:1800+30"]

1. d4 f5 2. g3 Nf6 3. Bg2 g6 4. c3 Bg7 5. Qb3 Nc6 6. Nh3 b6 7. O-O Na5 8. Qc2 Bb7 9. Nd2 Bxg2 10. Kxg2 Qc8 11. b4 Nb7 12. e4 fxe4 13. Nxe4 Nxe4 14. Qxe4 Nd6 15. Qf3 Qb7 16. Qxb7 Nxb7 17. Bf4 d6 18. Ng5 Kd7 19. Rae1 h6 20. Ne6 Bf6 21. c4 c6 22. Re2 a5 23. Rb1 axb4 24. Rxb4 Ra6 25. d5 c5 26. Rb1 Na5 27. Rc2 Nc6 28. Nxc5+ bxc5 29. Rb7+ Kc8 30. dxc6 Rxc6 31. Ra7 g5 32. Bd2 Rc7 33. Ra5 Kd7 34. Bc3 Bxc3 35. Rxc3 Rb8 36. Rc2 Rcb7 37. Re2 Rb2 38. Re3 R8b7 39. Kf3 Rc2 40. Ra4 Rd2 41. h3 h5 42. Re2 Rxe2 43. Kxe2 Rb2+ 44. Ke3 Rc2 45. h4 gxh4 46. gxh4 Ke6 47. Kf4 Kf6 48. f3 Rd2 49. a3 Rd4+ 50. Kg3 e5 51. Ra6 Ke6 52. Ra8 Rxc4 53. Rh8 Rc3 54. Rh6+ Kd5 55. Rxh5 Rxa3 56. Rh8 e4 57. h5 Rxf3+ 58. Kg4 Rf1 59. h6 e3 60. h7 e2 0-1

[Event "CZE-ch 2020"]
[Site "Pilsen"]
[Date "2020.08.27"]
[Round "5.3"]
[White "Stocek, Jiri"]
[Black "Hracek, Zbynek"]
[Result "1/2-1/2"]
[ECO "D41"]
[WhiteElo "2595"]
[BlackElo "2563"]
[Annotator "ChessBase"]
[PlyCount "89"]
[EventDate "2020.08.23"]
[EventType "swiss"]
[EventCountry "CZE"]
[SourceTitle "playchess.com"]
[Source "ChessBase"]
[SourceQuality "1"]
[TimeControl "40/5400+30:1800+30"]

1. Nf3 d5 2. d4 Nf6 3. c4 e6 4. Nc3 c5 5. cxd5 exd5 6. Bg5 Be6 7. dxc5 Bxc5 8. e3 O-O 9. Bb5 h6 10. Bxf6 Qxf6 11. O-O Rd8 12. Rc1 Bb6 13. Nd4 Bxd4 14. Qxd4 Qxd4 15. exd4 Bd7 16. Be2 Nc6 17. Rfd1 Ne7 18. f3 Rac8 19. Kf2 Kf8 20. g3 Rc6 21. Nb1 Rdc8 22. Rxc6 Rxc6 23. Nc3 Be6 24. Rd2 g5 25. Bd3 Bd7 26. Bc2 Rd6 27. Bb3 Bc6 28. Rd1 Bd7 29. Re1 Bc6 30. Re5 Ng6 31. Re2 Ne7 32. Rd2 Bd7 33. Nd1 Be6 34. Ne3 Bd7 35. Rc2 Rc6 36. Rxc6 Bxc6 37. Ke2 Kg7 38. Bc2 Bd7 39. Kd2 Kf6 40. Bb3 Ke6 41. a3 Kd6 42. Bc2 b6 43. Bd3 Nc6 44. Kc3 Ne7 45. Kd2 1/2-1/2

[Event "CZE-ch 2020"]
[Site "Pilsen"]
[Date "2020.08.27"]
[Round "5.4"]
[White "Michalik, Peter"]
[Black "Brejnik, Gustav"]
[Result "1-0"]
[ECO "B10"]
[WhiteElo "2593"]
[BlackElo "2265"]
[Annotator "ChessBase"]
[PlyCount "75"]
[EventDate "2020.08.23"]
[EventType "swiss"]
[EventCountry "CZE"]
[SourceTitle "playchess.com"]
[Source "ChessBase"]
[SourceQuality "1"]
[TimeControl "40/5400+30:1800+30"]

1. e4 c6 2. Nf3 d5 3. d3 dxe4 4. dxe4 Qxd1+ 5. Kxd1 Nf6 6. Nbd2 g6 7. Ne1 Ng4 8. Nd3 Nd7 9. h3 Nge5 10. Nxe5 Nxe5 11. Nc4 Bg7 12. Nxe5 Bxe5 13. Bc4 b5 14. Bb3 a5 15. a4 O-O 16. f4 Rd8+ 17. Ke2 Bg7 18. e5 g5 19. g3 gxf4 20. gxf4 Bf5 21. Be3 e6 22. Bb6 Rdc8 23. Ke3 Bf8 24. Rhd1 c5 25. axb5 c4 26. Ba4 c3 27. Bd4 cxb2 28. Bxb2 Bxc2 29. Rg1+ Kh8 30. Bd4 Bc5 31. Bxc5 Rxc5 32. Rgc1 Rac8 33. Rxc2 Rxc2 34. Bxc2 Rxc2 35. Kd4 Kg7 36. Rxa5 Kg6 37. b6 Kf5 38. Ra4 1-0

[Event "CZE-ch 2020"]
[Site "Pilsen"]
[Date "2020.08.27"]
[Round "5.5"]
[White "Zeman, Matyas"]
[Black "Hollan, Martin"]
[Result "0-1"]
[ECO "C55"]
[WhiteElo "2250"]
[BlackElo "2346"]
[Annotator "ChessBase"]
[PlyCount "48"]
[EventDate "2020.08.23"]
[EventType "swiss"]
[EventCountry "CZE"]
[SourceTitle "playchess.com"]
[Source "ChessBase"]
[SourceQuality "1"]
[TimeControl "40/5400+30:1800+30"]

1. e4 e5 2. Nf3 Nc6 3. Bc4 Nf6 4. d3 Be7 5. O-O O-O 6. Re1 d6 7. a4 Kh8 8. c3 Ng8 9. d4 f5 10. exf5 d5 11. Bb3 e4 12. Ne5 Bxf5 13. Bf4 Nxe5 14. dxe5 Be6 15. Bg3 Nh6 16. Nd2 Bg4 17. Qc2 Nf5 18. Nxe4 dxe4 19. Qxe4 Bh5 20. f4 Bc5+ 21. Kh1 Nxg3+ 22. hxg3 Bf2 23. e6 Qe7 24. g4 Qh4# 0-1

[Event "CZE-ch 2020"]
[Site "Pilsen"]
[Date "2020.08.27"]
[Round "5.6"]
[White "Paseka, Matyas"]
[Black "Sorm, Daniel"]
[Result "0-1"]
[ECO "B14"]
[WhiteElo "1959"]
[BlackElo "2343"]
[Annotator "ChessBase"]
[PlyCount "46"]
[EventDate "2020.08.23"]
[EventType "swiss"]
[EventCountry "CZE"]
[SourceTitle "playchess.com"]
[Source "ChessBase"]
[SourceQuality "1"]
[TimeControl "40/5400+30:1800+30"]

1. e4 c6 2. d4 d5 3. exd5 cxd5 4. c4 Nf6 5. Nc3 g6 6. Qb3 Bg7 7. cxd5 O-O 8. Be2 Nbd7 9. Bf3 Nb6 10. a4 a5 11. Bg5 Bf5 12. Rd1 Qd6 13. Nge2 Qb4 14. Qxb4 axb4 15. Bxf6 Bxf6 16. Nb5 Nxa4 17. O-O Nxb2 18. Ra1 Nc4 19. d6 Nxd6 20. Nxd6 exd6 21. Bd5 Bd3 22. Rxa8 Rxa8 23. Re1 Bxe2 0-1

[Event "CZE-ch 2020"]
[Site "Pilsen"]
[Date "2020.08.27"]
[Round "5.7"]
[White "Babula, Vlastimil"]
[Black "Serrano Salvador, Eduardo"]
[Result "1-0"]
[ECO "D45"]
[WhiteElo "2571"]
[BlackElo "2299"]
[Annotator "ChessBase"]
[PlyCount "107"]
[EventDate "2020.08.23"]
[EventType "swiss"]
[EventCountry "CZE"]
[SourceTitle "playchess.com"]
[Source "ChessBase"]
[SourceQuality "1"]
[TimeControl "40/5400+30:1800+30"]

1. d4 d5 2. c4 c6 3. Nf3 Nf6 4. Nc3 e6 5. e3 Nbd7 6. Qc2 Bd6 7. Be2 O-O 8. O-O b6 9. e4 Nxe4 10. Nxe4 dxe4 11. Qxe4 Bb7 12. Bd3 Nf6 13. Qh4 c5 14. Rd1 cxd4 15. Bg5 h6 16. Bxh6 gxh6 17. Qxh6 e5 18. Bf5 Be4 19. Qg5+ Kh8 20. Qh6+ Kg8 21. Qg5+ Kh8 22. Qh4+ Kg7 23. Bxe4 Nxe4 24. Qg4+ Kh6 25. Qxe4 f5 26. Qd5 Qf6 27. Re1 Rfe8 28. Rad1 Rad8 29. Qb5 Re7 30. g3 Bc7 31. Nh4 Rf8 32. Qd5 Rd8 33. Qb5 Rf7 34. Nf3 Re7 35. Nh4 Rf7 36. Qb3 e4 37. Qc2 Kg7 38. f3 e3 39. f4 Bd6 40. a3 a5 41. Nf3 Bc5 42. Ne5 Rc7 43. Rd3 Rdc8 44. Red1 Qe6 45. Qe2 Kh6 46. b4 axb4 47. axb4 Bxb4 48. Rxd4 Bc5 49. Rd5 Ra7 50. Nd7 Rxd7 51. Rxd7 Ra8 52. Kg2 Qe4+ 53. Kh3 Rh8 54. Qb2 1-0

[Event "CZE-ch 2020"]
[Site "Pilsen"]
[Date "2020.08.27"]
[Round "5.8"]
[White "Rabatin, Jakub"]
[Black "Malinovsky, Karel"]
[Result "1/2-1/2"]
[ECO "C95"]
[WhiteElo "2291"]
[BlackElo "2474"]
[Annotator "ChessBase"]
[PlyCount "61"]
[EventDate "2020.08.23"]
[EventType "swiss"]
[EventCountry "CZE"]
[SourceTitle "playchess.com"]
[Source "ChessBase"]
[SourceQuality "1"]
[TimeControl "40/5400+30:1800+30"]

1. e4 e5 2. Nf3 Nc6 3. Bb5 a6 4. Ba4 Nf6 5. O-O Be7 6. Re1 b5 7. Bb3 d6 8. c3 O-O 9. h3 Nb8 10. d4 Nbd7 11. Nbd2 Bb7 12. Bc2 Re8 13. Nf1 Bf8 14. Ng3 g6 15. a4 Bg7 16. Bd3 exd4 17. cxd4 c5 18. axb5 axb5 19. Rxa8 Bxa8 20. Bxb5 cxd4 21. Nxd4 Nxe4 22. Nxe4 Rxe4 23. Rxe4 Bxe4 24. Be3 Nb6 25. f3 Bb7 26. Bf2 Qg5 27. Bc6 Bxc6 28. Nxc6 Nc4 29. h4 Qb5 30. b3 Qxc6 31. bxc4 1/2-1/2

[Event "CZE-ch 2020"]
[Site "Pilsen"]
[Date "2020.08.27"]
[Round "5.9"]
[White "Finek, Vaclav"]
[Black "Stalmach, Richard"]
[Result "1-0"]
[ECO "D70"]
[WhiteElo "2344"]
[BlackElo "2273"]
[Annotator "ChessBase"]
[PlyCount "81"]
[EventDate "2020.08.23"]
[EventType "swiss"]
[EventCountry "CZE"]
[SourceTitle "playchess.com"]
[Source "ChessBase"]
[SourceQuality "1"]
[TimeControl "40/5400+30:1800+30"]

1. d4 Nf6 2. c4 g6 3. Nf3 Bg7 4. g3 O-O 5. Bg2 d6 6. O-O c6 7. Nc3 Qb6 8. Re1 Qa6 9. Nd2 Nfd7 10. e3 e5 11. Nce4 c5 12. Nb3 cxd4 13. exd4 Nc6 14. d5 Ne7 15. Bf1 Nf6 16. c5 Qa4 17. Nxd6 Nfxd5 18. Bb5 Qg4 19. Qxg4 Bxg4 20. Nxb7 e4 21. Nd6 f5 22. Bc4 Kh8 23. h3 Bxh3 24. Rd1 Nb4 25. Nf7+ Rxf7 26. Bxf7 Nd3 27. Bg5 Nc6 28. Bd5 Rc8 29. Kh2 Bg4 30. f3 Nce5 31. Rxd3 Bxf3 32. Rc3 Ng4+ 33. Kg1 Bxc3 34. bxc3 h6 35. Be7 Ne3 36. Bf6+ Kh7 37. Bb7 Rf8 38. c6 Nd5 39. Be5 Re8 40. c4 Ne7 41. c7 1-0

[Event "CZE-ch 2020"]
[Site "Pilsen"]
[Date "2020.08.27"]
[Round "5.10"]
[White "Cerveny, Petr"]
[Black "Svanda, Ondrej"]
[Result "1-0"]
[ECO "B44"]
[WhiteElo "2340"]
[BlackElo "2250"]
[Annotator "ChessBase"]
[PlyCount "39"]
[EventDate "2020.08.23"]
[EventType "swiss"]
[EventCountry "CZE"]
[SourceTitle "playchess.com"]
[Source "ChessBase"]
[SourceQuality "1"]
[TimeControl "40/5400+30:1800+30"]

1. e4 c5 2. Nf3 e6 3. d4 cxd4 4. Nxd4 Nc6 5. Nb5 d6 6. c4 Nf6 7. N1c3 a6 8. Nd4 Be7 9. Be2 O-O 10. O-O Bd7 11. Be3 Rc8 12. b3 Qa5 13. Qe1 Kh8 14. a4 Nxd4 15. Bxd4 Qb4 16. Qd2 e5 17. Be3 Bc6 18. a5 Bd8 19. Qb2 Nd7 20. Bg4 1-0

[Event "CZE-ch 2020"]
[Site "Pilsen"]
[Date "2020.08.27"]
[Round "5.11"]
[White "Freisler, Pavel"]
[Black "Hurdzan, Tomas"]
[Result "1/2-1/2"]
[ECO "A35"]
[WhiteElo "2249"]
[BlackElo "2325"]
[Annotator "ChessBase"]
[PlyCount "61"]
[EventDate "2020.08.23"]
[EventType "swiss"]
[EventCountry "CZE"]
[SourceTitle "playchess.com"]
[Source "ChessBase"]
[SourceQuality "1"]
[TimeControl "40/5400+30:1800+30"]

1. Nf3 Nf6 2. c4 c5 3. Nc3 Nc6 4. g3 d5 5. cxd5 Nxd5 6. Bg2 g6 7. Nxd5 Qxd5 8. O-O Bg7 9. d3 O-O 10. Be3 Bd7 11. Nd4 Qd6 12. Nxc6 Bxc6 13. Bxc6 Qxc6 14. Rc1 Qe6 15. Bxc5 b6 16. Ba3 Qxa2 17. Qc2 Qe6 18. e3 Qd7 19. d4 Rfc8 20. Qe4 e6 21. b3 h5 22. Rc4 Rxc4 23. bxc4 Rc8 24. c5 Bf8 25. Rc1 a5 26. Qc2 b5 27. c6 Qd5 28. Bxf8 Kxf8 29. Qc5+ Qxc5 30. Rxc5 a4 31. Rxb5 1/2-1/2

[Event "CZE-ch 2020"]
[Site "Pilsen"]
[Date "2020.08.27"]
[Round "5.12"]
[White "Nemec, Pavel"]
[Black "Mica, Marek"]
[Result "0-1"]
[ECO "C02"]
[WhiteElo "2243"]
[BlackElo "2315"]
[Annotator "ChessBase"]
[PlyCount "86"]
[EventDate "2020.08.23"]
[EventType "swiss"]
[EventCountry "CZE"]
[SourceTitle "playchess.com"]
[Source "ChessBase"]
[SourceQuality "1"]
[TimeControl "40/5400+30:1800+30"]

1. e4 e6 2. d4 d5 3. e5 c5 4. c3 Nc6 5. Nf3 Bd7 6. Be2 Nge7 7. Na3 cxd4 8. cxd4 Qb6 9. Nc2 Na5 10. h4 Bb5 11. h5 Bxe2 12. Qxe2 h6 13. Bd2 Qxb2 14. Bxa5 Rc8 15. O-O Qxc2 16. Qb5+ Qc6 17. Qb2 Qd7 18. Rab1 Nc6 19. Bd2 Rc7 20. Nh2 Be7 21. Be3 Na5 22. Qe2 Nc4 23. Qg4 Kf8 24. Bc1 Qa4 25. Rb3 Kg8 26. f4 Na5 27. Rg3 Bf8 28. f5 exf5 29. Qxf5 Qxd4+ 30. Be3 Qe4 31. Qf2 Nc4 32. Ng4 Kh7 33. Bxh6 Bc5 34. Be3 Nxe3 35. Nxe3 Kg8 36. Rf3 Qxe5 37. g4 Re7 38. Re1 Qe4 39. Kf1 Bxe3 40. Rexe3 Qc4+ 41. Ke1 Qc1+ 42. Ke2 Rc7 43. Qe1 Qb2+ 0-1

[Event "CZE-ch 2020"]
[Site "Pilsen"]
[Date "2020.08.27"]
[Round "5.13"]
[White "Kozusek, Daniel"]
[Black "Kusa, Jakub"]
[Result "1/2-1/2"]
[ECO "D02"]
[WhiteElo "2307"]
[BlackElo "2239"]
[Annotator "ChessBase"]
[PlyCount "163"]
[EventDate "2020.08.23"]
[EventType "swiss"]
[EventCountry "CZE"]
[SourceTitle "playchess.com"]
[Source "ChessBase"]
[SourceQuality "1"]
[TimeControl "40/5400+30:1800+30"]

1. d4 d5 2. Nf3 Nf6 3. g3 e6 4. Bg2 Be7 5. c4 O-O 6. O-O dxc4 7. Qc2 a6 8. a4 Bd7 9. Rd1 Bc6 10. Nc3 Nbd7 11. e4 b5 12. d5 exd5 13. Nd4 Bb7 14. exd5 b4 15. Nc6 Bxc6 16. dxc6 bxc3 17. Qxc3 Rb8 18. cxd7 Nxd7 19. Qxc4 a5 20. Bf4 Rxb2 21. Qd4 Re2 22. Qxd7 Re1+ 23. Bf1 Qxd7 24. Rxd7 Rxa1 25. Rxe7 Rxa4 26. Rxc7 f6 27. Ra7 Ra1 28. Kg2 a4 29. Bc4+ Kh8 30. Bd6 Rd8 31. Be7 Rb8 32. h4 h6 33. h5 Rc8 34. Bb5 Rb8 35. Bc6 Rc8 36. Bd7 Rb8 37. Kh3 a3 38. Rxa3 Rxa3 39. Bxa3 Rd8 40. Bf5 Rd5 41. Bg6 Ra5 42. Bd6 Ra6 43. Bf4 Ra2 44. Be3 Ra4 45. Kg2 Rb4 46. Kf3 Ra4 47. Ke2 Ra3 48. Kd2 Kg8 49. Kc2 Kh8 50. Kb2 Ra8 51. Kc3 Ra4 52. Kb3 Ra5 53. Kb4 Rd5 54. Kc4 Ra5 55. Bc5 Ra8 56. Kd5 Kg8 57. Ke6 Ra6+ 58. Ke7 Ra5 59. Bf7+ Kh7 60. Bd6 Ra7+ 61. Kf8 Ra8+ 62. Be8 Ra2 63. Bg6+ Kh8 64. Kf7 Ra7+ 65. Be7 Rb7 66. f4 Ra7 67. g4 Rb7 68. Be4 Ra7 69. Bg6 Rb7 70. Kf8 Rb8+ 71. Be8 Ra8 72. g5 fxg5 73. fxg5 hxg5 74. Bxg5 Kh7 75. Be3 Ra6 76. Bd4 Ra8 77. Be3 Ra6 78. Bd4 Ra8 79. Ke7 Rxe8+ 80. Kxe8 Kh6 81. Kf7 Kxh5 82. Kxg7 1/2-1/2

[Event "CZE-ch 2020"]
[Site "Pilsen"]
[Date "2020.08.27"]
[Round "5.14"]
[White "Orsag, Milan"]
[Black "Simet, Martin"]
[Result "1-0"]
[ECO "E15"]
[WhiteElo "2300"]
[BlackElo "2194"]
[Annotator "ChessBase"]
[PlyCount "135"]
[EventDate "2020.08.23"]
[EventType "swiss"]
[EventCountry "CZE"]
[SourceTitle "playchess.com"]
[Source "ChessBase"]
[SourceQuality "1"]
[TimeControl "40/5400+30:1800+30"]

1. d4 Nf6 2. Nf3 e6 3. c4 b6 4. g3 Ba6 5. b3 Bb4+ 6. Bd2 Be7 7. Bg2 d5 8. Bc3 O-O 9. Nbd2 Nbd7 10. Ne5 Bb7 11. O-O c5 12. dxc5 Nxc5 13. Bb2 Rc8 14. Rc1 Qd6 15. e3 Rfd8 16. Qe2 Qb8 17. Rfd1 a5 18. Bd4 Qa8 19. cxd5 Bxd5 20. f3 Nfd7 21. Ndc4 Qa7 22. e4 Nxe5 23. Nxe5 Bb7 24. Qe3 Bf6 25. Nc4 Be7 26. Kh1 Ba6 27. Bf1 h6 28. Qf2 Bg5 29. Rb1 Rd7 30. Ne5 Rdc7 31. Bxc5 Rxc5 32. Rd7 Qa8 33. Bxa6 Qxa6 34. f4 Rc2 35. Rd2 Rc1+ 36. Rxc1 Rxc1+ 37. Kg2 Be7 38. Rc2 Bc5 39. Qe2 Rg1+ 40. Kh3 Qb7 41. Rd2 Qc8 42. Rd7 Bf8 43. Rxf7 Bd6 44. Nc4 Bf8 45. Qh5 e5+ 46. f5 Qc5 47. Rd7 Qf2 48. Qf7+ Kh7 49. Qg6+ Kg8 50. Qe6+ Kh7 51. Rd2 Qf1+ 52. Kh4 Qf3 53. Qg6+ Kg8 54. f6 Re1 55. Nxe5 Rxe4+ 56. Ng4 Qxf6+ 57. Qxf6 gxf6 58. Kh5 Kf7 59. Nxh6+ Ke6 60. Ng4 f5 61. Nf2 Re1 62. Nd3 Ra1 63. Nf4+ Kf7 64. Kg5 b5 65. Kxf5 a4 66. g4 a3 67. g5 Bb4 68. g6+ 1-0

[Event "CZE-ch 2020"]
[Site "Pilsen"]
[Date "2020.08.27"]
[Round "5.15"]
[White "Simacek, Pavel"]
[Black "Nytra, Ondrej"]
[Result "1-0"]
[ECO "D31"]
[WhiteElo "2474"]
[BlackElo "1925"]
[Annotator "ChessBase"]
[PlyCount "57"]
[EventDate "2020.08.23"]
[EventType "swiss"]
[EventCountry "CZE"]
[SourceTitle "playchess.com"]
[Source "ChessBase"]
[SourceQuality "1"]
[TimeControl "40/5400+30:1800+30"]

1. d4 d5 2. c4 e6 3. Nc3 c6 4. e4 dxe4 5. Nxe4 Bb4+ 6. Bd2 Qxd4 7. Bxb4 Qxe4+ 8. Be2 Na6 9. Bd6 Bd7 10. Nf3 Nh6 11. O-O Rd8 12. Re1 Bc8 13. Bd3 Qg4 14. h3 Qh5 15. Re5 f5 16. c5 Nb4 17. Qe2 Rxd6 18. cxd6 O-O 19. Bc4 Nd5 20. Rxe6 Bxe6 21. Qxe6+ Qf7 22. Ng5 Qxe6 23. Nxe6 Rf7 24. Nc5 Rf8 25. Nxb7 Nf7 26. Rd1 Rb8 27. Na5 Rb6 28. d7 Kf8 29. Re1 1-0

[Event "CZE-ch 2020"]
[Site "Pilsen"]
[Date "2020.08.27"]
[Round "5.16"]
[White "Havelka, Josef"]
[Black "Ludvik, Tomas"]
[Result "1-0"]
[ECO "B48"]
[WhiteElo "2367"]
[BlackElo "2202"]
[Annotator "ChessBase"]
[PlyCount "119"]
[EventDate "2020.08.23"]
[EventType "swiss"]
[EventCountry "CZE"]
[SourceTitle "playchess.com"]
[Source "ChessBase"]
[SourceQuality "1"]
[TimeControl "40/5400+30:1800+30"]

1. e4 c5 2. Nf3 e6 3. d4 cxd4 4. Nxd4 Nc6 5. Nc3 Qc7 6. Be3 a6 7. Bd3 Nf6 8. O-O b5 9. Kh1 Bb7 10. a3 Ne5 11. f4 Nc4 12. Bxc4 Qxc4 13. Qd3 Rc8 14. Bg1 d5 15. e5 Ne4 16. Nxe4 dxe4 17. Qg3 g6 18. Nb3 Bd5 19. Rac1 h5 20. h3 Be7 21. Rfe1 O-O 22. Nd2 Qc6 23. Bd4 Rfd8 24. Qe3 a5 25. c3 Kg7 26. Nxe4 Rd7 27. Re2 Bxe4 28. Qxe4 Qc4 29. Rd1 Rcd8 30. Red2 a4 31. Qe3 Rd5 32. Kh2 R8d7 33. Qe2 Qxe2 34. Rxe2 Kf8 35. Kg3 Ke8 36. Red2 Bd8 37. Kf3 Ba5 38. Ke4 Kd8 39. g4 hxg4 40. hxg4 Kc7 41. f5 gxf5+ 42. gxf5 exf5+ 43. Kxf5 Kb7 44. Rh1 Bc7 45. Re2 Kc6 46. Rh6+ Kb7 47. Ke4 Bd8 48. Rf2 Bg5 49. Rh5 Bd8 50. Rhf5 Kc6 51. Rxf7 Bg5 52. Rxd7 Rxd7 53. Rg2 Bc1 54. Rc2 Bg5 55. c4 Rh7 56. cxb5+ Kxb5 57. Rc5+ Ka6 58. Rc4 Kb5 59. Rb4+ Ka5 60. Bc3 1-0

[Event "CZE-ch 2020"]
[Site "Pilsen"]
[Date "2020.08.27"]
[Round "5.17"]
[White "Houska, Jiri"]
[Black "Stinka, Jakub"]
[Result "1-0"]
[ECO "E11"]
[WhiteElo "2202"]
[BlackElo "2299"]
[Annotator "ChessBase"]
[PlyCount "45"]
[EventDate "2020.08.23"]
[EventType "swiss"]
[EventCountry "CZE"]
[SourceTitle "playchess.com"]
[Source "ChessBase"]
[SourceQuality "1"]
[TimeControl "40/5400+30:1800+30"]

1. d4 Nf6 2. Nf3 e6 3. c4 Bb4+ 4. Bd2 c5 5. Bxb4 cxb4 6. g3 O-O 7. Bg2 d6 8. O-O Nc6 9. Nbd2 e5 10. d5 Nb8 11. c5 e4 12. Ng5 e3 13. Nde4 exf2+ 14. Rxf2 Ng4 15. Rf4 h6 16. Nh3 Ne3 17. Qd2 Nxg2 18. Kxg2 dxc5 19. Nf6+ Kh8 20. Nf2 Nd7 21. N2e4 b6 22. Raf1 Bb7 23. Rh4 1-0

[Event "CZE-ch 2020"]
[Site "Pilsen"]
[Date "2020.08.27"]
[Round "5.18"]
[White "Nemcova, Karin"]
[Black "Mladek, Richard"]
[Result "0-1"]
[ECO "B90"]
[WhiteElo "1983"]
[BlackElo "2280"]
[Annotator "ChessBase"]
[PlyCount "50"]
[EventDate "2020.08.23"]
[EventType "swiss"]
[EventCountry "CZE"]
[SourceTitle "playchess.com"]
[Source "ChessBase"]
[SourceQuality "1"]
[TimeControl "40/5400+30:1800+30"]

1. e4 c5 2. Nf3 d6 3. d4 cxd4 4. Nxd4 Nf6 5. Nc3 a6 6. Be3 e5 7. Nb3 Be6 8. f3 Be7 9. Qd2 O-O 10. g4 a5 11. g5 Nh5 12. Bb5 Na6 13. h4 Nc7 14. Bb6 Qb8 15. Nxa5 Nxb5 16. Nxb5 Bd8 17. Bxd8 Qxd8 18. Nxb7 Qb6 19. N7xd6 Ng3 20. Qf2 Qa5+ 21. c3 Nxh1 22. Qh2 Bd7 23. Qxe5 Bxb5 24. Qxb5 Qa7 25. Nf5 Qf2+ 0-1

[Event "CZE-ch 2020"]
[Site "Pilsen"]
[Date "2020.08.27"]
[Round "5.19"]
[White "Vorisek, Jaroslav"]
[Black "Gnojek, Petr"]
[Result "0-1"]
[ECO "A41"]
[WhiteElo "2279"]
[BlackElo "2225"]
[Annotator "ChessBase"]
[PlyCount "94"]
[EventDate "2020.08.23"]
[EventType "swiss"]
[EventCountry "CZE"]
[SourceTitle "playchess.com"]
[Source "ChessBase"]
[SourceQuality "1"]
[TimeControl "40/5400+30:1800+30"]

1. d4 d6 2. g3 g6 3. Bg2 Bg7 4. e4 Nf6 5. Ne2 O-O 6. O-O Nbd7 7. Nbc3 c5 8. h3 cxd4 9. Nxd4 a6 10. a4 Qc7 11. Kh2 e5 12. Nde2 b6 13. Bg5 Bb7 14. Qd2 Nc5 15. Bxf6 Bxf6 16. Nd5 Bxd5 17. Qxd5 Ne6 18. c3 Rac8 19. Rad1 Rfd8 20. Rd2 Qc4 21. b3 Qxd5 22. Rxd5 Nc5 23. Rb1 Bg7 24. c4 Ne6 25. Nc3 Nd4 26. Bf1 f5 27. Kg2 f4 28. Be2 h5 29. g4 Rf8 30. Bf3 hxg4 31. Bxg4 f3+ 32. Kf1 Rcd8 33. b4 Bh6 34. Rxd4 exd4 35. Nd5 b5 36. cxb5 axb5 37. a5 d3 38. Rd1 d2 39. Be6+ Kh7 40. Ne3 Rde8 41. Bd5 Rc8 42. Rxd2 Rc1+ 43. Rd1 Bxe3 44. Rxc1 Bxc1 45. a6 Rc8 46. e5 Bg5 47. Bxf3 Rc1+ 0-1

[Event "CZE-ch 2020"]
[Site "Pilsen"]
[Date "2020.08.27"]
[Round "5.20"]
[White "Klement, Lukas"]
[Black "Vybiral, Zdenek"]
[Result "1-0"]
[ECO "B59"]
[WhiteElo "2260"]
[BlackElo "2221"]
[Annotator "ChessBase"]
[PlyCount "91"]
[EventDate "2020.08.23"]
[EventType "swiss"]
[EventCountry "CZE"]
[SourceTitle "playchess.com"]
[Source "ChessBase"]
[SourceQuality "1"]
[TimeControl "40/5400+30:1800+30"]

1. e4 c5 2. Nf3 d6 3. d4 cxd4 4. Nxd4 Nf6 5. Nc3 Nc6 6. Be2 e5 7. Nb3 Be7 8. O-O O-O 9. Be3 a5 10. a4 Nb4 11. f4 b6 12. Nd2 exf4 13. Rxf4 d5 14. e5 Nd7 15. Nf3 Nc5 16. Nb5 Ne6 17. Rg4 Nc6 18. Rg3 Bc5 19. Bxc5 bxc5 20. c3 Nf4 21. Qd2 Ng6 22. Rd1 Be6 23. Qe3 Qe7 24. Bd3 Rad8 25. Re1 Rb8 26. Rg5 Rfd8 27. h4 d4 28. cxd4 cxd4 29. Nbxd4 Nxd4 30. Nxd4 Qd7 31. Nxe6 Qxe6 32. h5 Nf8 33. Bb5 Qh6 34. Rf5 Qxe3+ 35. Rxe3 Rd1+ 36. Rf1 Rd2 37. b3 Ne6 38. Bc4 Rbd8 39. Ref3 Ng5 40. Bxf7+ Nxf7 41. Rxf7 Re2 42. Re7 Rf8 43. e6 Re5 44. Rxf8+ Kxf8 45. Rf7+ Kg8 46. Ra7 1-0